 Dungeon Crawl Stone Soup version 0.29.0-10-g45618ea6d2 (webtiles) character file.

Game seed: 9620886893115815118

7249 snetch the Protected (level 10, -1/135 HPs)
             Began as a Minotaur Berserker on Sept 1, 2022.
             Was a High Priest of Trog.
             Slain by a killer bee (4 damage)
             ... on level 9 of the Dungeon.
             The game lasted 00:24:01 (8516 turns).

snetch the Protected (Minotaur Berserker)           Turns: 8516, Time: 00:24:02

Health: -1/135     AC: 10    Str: 26    XL:     10   Next: 88%
Magic:  18/18      EV: 11    Int:  4    God:    Trog [*****.]
Gold:   503        SH:  5    Dex: 10    Spells: 9/9 levels left

rFire   + . .      SeeInvis .   a - +2 battleaxe (flame)
rCold   . . .      Faith    .   (shield currently unavailable)
rNeg    . . .      Spirit   .   H - +2 scale mail {rF+}
rPois   +          Reflect  +   (helmet restricted)
rElec   .          Harm     .   (no cloak)
rCorr   .          Rampage  .   (no gloves)
Will    ++...                   (no boots)
Stlth   ..........              e - amulet of reflection
HPRegen 1.32/turn               t - ring of poison resistance
MPRegen 0.16/turn               y - ring of magical power

@: berserking, lethally poisoned (-1 -> -3), strong-willed, regenerating,
studying Long Blades, very quick
A: horns 2, retaliatory headbutt
a: Renounce Religion, Berserk, Trog's Hand, Brothers in Arms


You were on level 9 of the Dungeon.
You worshipped Trog.
Trog was extremely pleased with you.
You visited 2 branches of the dungeon, and saw 10 of its levels.

You collected 503 gold pieces.

Inventory:

Hand Weapons
 a - a +2 battleaxe of flaming (weapon)
 b - the +10 dagger of the Genius {vorpal, rN+ Dex+5 SInv}
   (You found it on level 5 of the Dungeon)

   It inflicts extra damage upon your enemies.
   Dex:       It affects your dexterity (+5).
   rN:        It protects you from negative energy.
   SInv:      It lets you see invisible.
 c - a +5 spear
 d - a +3 morningstar
 E - a +0 long sword of holy wrath
 F - a +1 vorpal halberd
 Q - a +0 whip of electrocution
 T - a +2 vampiric whip
 U - a +4 war axe
Missiles
 l - 87 stones
 q - 20 poisoned darts (quivered)
 u - 6 curare-tipped darts
 z - 8 boomerangs
Armour
 h - a +1 plate armour of fire resistance
 H - a +2 scale mail of fire resistance (worn)
 I - the +1 ring mail "Etiarchasut" {+Blink rN+ Int+4 Dex-4}
   (You found it on level 6 of the Dungeon)

   Int:       It affects your intelligence (+4).
   Dex:       It affects your dexterity (-4).
   rN:        It protects you from negative energy.
   +Blink:    It lets you blink.
Jewellery
 e - an amulet of reflection (around neck)
 t - a ring of poison resistance (left hand)
 y - a ring of magical power (right hand)
 D - the amulet of Elemental Vulnerability {rPois rF-- rC-- AC+8}
   (You found it on level 4 of the Dungeon)

   [amulet of nothing]

   AC:        It affects your AC (+8).
   rF:        It makes you very vulnerable to fire.
   rC:        It makes you very vulnerable to cold.
   rPois:     It protects you from poison.
 P - a ring of magical power
Wands
 M - a wand of iceblast (3)
 R - a wand of polymorph (11)
 V - a wand of light (8)
Scrolls
 f - 2 scrolls of immolation {unknown}
 g - 5 scrolls of teleportation {unknown}
 j - 4 scrolls of fog {unknown}
 k - 2 scrolls of noise {unknown}
 n - 2 scrolls of fear {unknown}
 r - a scroll of acquirement {unknown}
 s - 2 scrolls of blinking {unknown}
 v - a scroll of poison {unknown}
 x - 2 scrolls of magic mapping {unknown}
 B - a scroll of brand weapon {unknown}
 C - a scroll of enchant armour {unknown}
 K - a scroll of summoning {unknown}
 L - 2 scrolls of enchant weapon {unknown}
 O - 6 scrolls of identify {unknown}
 W - a scroll of amnesia {unknown}
Potions
 i - a potion of resistance
 m - 2 potions of mutation {unknown}
 o - 4 potions of curing {unknown}
 p - 2 potions of invisibility {unknown}
 w - 4 potions of attraction {unknown}
 A - a potion of haste
 G - 2 potions of lignification {unknown}
 J - 2 potions of flight {unknown}
 N - a potion of ambrosia {unknown}
 S - 2 potions of brilliance {unknown}


   Skills:
 + Level 8.8 Fighting
 + Level 8.9(9.3) Short Blades
 + Level 4.8(7.8) Long Blades
 + Level 8.2(8.5) Axes
 + Level 3.1(6.1) Polearms
 + Level 1.4 Throwing
 + Level 9.8 Armour
 + Level 4.9 Dodging
 + Level 1.1 Stealth
 + Level 6.5 Shields


You had 9 spell levels left.
You didn't know any spells.
Your spell library contained the following spells:

 Spells                   Type           Power      Damage    Failure   Level
 Blink                    Tloc           0%         N/A       86%         2
 Scorch                   Fire           0%         2d5       86%         2
 Mephitic Cloud           Conj/Pois/Air  0%         N/A       98%         3
 Ozocubu's Armour         Ice            0%         N/A       98%         3
 Spider Form              Tmut/Pois      0%         N/A       98%         3
 Animate Armour           Summ/Erth      0%         N/A       100%        4
 Corpse Rot               Necr/Pois/Air  0%         N/A       100%        4
 Flame Wave               Conj/Fire      0%         2d4       100%        4
 Blade Hands              Tmut           0%         N/A       100%        5
 Manifold Assault         Tloc           0%         N/A       100%        5
 Iron Shot                Conj/Erth      0%         9d1       100%        6
 Summon Cactus Giant      Summ           0%         N/A       100%        6
 Ozocubu's Refrigeration  Ice            0%         4d7       100%        7
 Storm Form               Tmut/Air       0%         N/A       100%        7


Dungeon Overview and Level Annotations

Branches:
Dungeon (9/15)             Temple (1/1) D:5
   Lair: D:8-11         Orc: D:9-12

Altars:
Ashenzari
Cheibriados
Dithmenos
Elyvilon
Fedhas
Gozag
Hepliaklqana
Kikubaaqudgha
Makhleb
Okawaru
Qazlal
Ru
Sif Muna
Trog
Uskayaw
Vehumet
Wu Jian
Xom
Yredelemnul
Zin
The Shining One

Shops:
D:2 =[(   D:7 (

Annotations:
D:6 book behind water


Innate Abilities, Weirdness & Mutations

You have a pair of horns on your head.
You reflexively headbutt those who attack you in melee.


Message History

You kill the killer bee!
Trog accepts your kill.
You closely miss the killer bee. The killer bee stings you.
* * * LOW HITPOINT WARNING * * *
The killer bee closely misses you. The killer bee stings you.
* * * LOW HITPOINT WARNING * * *
You barely miss the killer bee. You miss the killer bee.
The killer bee barely misses you.
The killer bee stings you but does no damage.
The orc wizard drinks a potion.
The orc wizard suddenly seems more resistant.
Unknown command.
You slash the killer bee! You burn the killer bee.
Your headbutt misses the killer bee.
The killer bee is almost dead.
You miss the killer bee. The killer bee barely misses you.
The killer bee stings you.
* * * LOW HITPOINT WARNING * * *
You block the killer bee's attack. The killer bee closely misses you.
You miss the killer bee. Your headbutt misses the killer bee.
You slash the killer bee! You burn the killer bee.
You kill the killer bee!
Trog accepts your kill. The killer bee closely misses you.
The killer bee stings you.
* * * LOW HITPOINT WARNING * * *
You are poisoned.
The killer bee poisons you!
You barely miss the killer bee.
You feel sick. The killer bee barely misses you. You furiously retaliate!
You headbutt the killer bee!
Unknown command.
You slice the killer bee!! You burn the killer bee.
You kill the killer bee!
Trog accepts your kill.
You feel sick. The killer bee stings you.
* * * LOW HITPOINT WARNING * * *
Unknown command.
You miss the killer bee. Your headbutt misses the killer bee.
You feel sick. The killer bee stings you.
You die...

#### #....#
.....#....#
.....#..#.####
.>........:.
..##.......#
........$..##...
.##.).<....#
#.$...#.###.###..
.........)@yo.....
.......#####...#<.
....... .....
/...... .#..
#.##.## ..# #. ..
## #.


You could see a killer bee and an orc wizard (resistant).

Vanquished Creatures
  Erica (D:9)
  The ghost of darknessisbestgirl the Fighter, a novice MiFi of Okawaru (D:5)
  Joseph (D:8)
  A shadow (D:6)
  A wyvern (D:8)
  10 yaks
  3 steam dragons
  5 water moccasins
  3 ice beasts
  An orc warrior (D:9)
  2 black bears
  3 centaurs
  2 kobold brigands
  5 bullfrogs
  3 necrophages
  3 scorpions (D:6)
  11 wights (D:6)
  3 killer bees (D:9)
  2 jellies
  3 orc priests
  6 hounds
  A gnoll bouda (D:7)
  4 iguanas
  6 orc wizards
  A hound zombie (D:3)
  9 adders
  12 gnolls
  9 river rats (D:5)
  4 white imps
  2 adder zombies (D:3)
  2 dart slugs
  33 orcs
  4 endoplasms
  3 giant cockroaches (D:1)
  5 goblins
  6 hobgoblins
  9 jackals
  16 quokkas
  3 ball pythons
  7 bats
  4 frilled lizards
  21 kobolds
  21 rats
252 creatures vanquished.

Vanquished Creatures (others)
  An orc wizard (D:8)
1 creature vanquished.

Grand Total: 253 creatures vanquished

Notes
Turn   | Place    | Note
-------+----------+-------------------------------------------
     0 | D:1      | snetch the Minotaur Berserker began the quest for the Orb.
     0 | D:1      | Reached XP level 1. HP: 19/19 MP: 0/0
   118 | D:2      | Reached XP level 2. HP: 27/27 MP: 1/1
   122 | D:2      | Found Quqadd's Armour Shop.
   185 | D:1      | Found a faded altar of an unknown god.
   450 | D:1      | Reached XP level 3. HP: 33/33 MP: 2/2
   493 | D:2      | Got the Octavo of the Badger
   556 | D:2      | Found a stormy altar of Qazlal.
   617 | D:2      | Found Wurank's Jewellery Shop.
   866 | D:1      | Reached ** piety under Trog
   991 | D:2      | Found Sammofy's Weapon Shop.
  1250 | D:3      | Reached XP level 4. HP: 31/40 MP: 3/3
  1345 | D:3      | Reached skill level 5 in Axes
  1345 | D:3      | Reached skill level 3 in Armour
  1567 | D:3      | Found a basalt altar of Yredelemnul.
  1631 | D:3      | Reached skill level 1 in Shields
  2208 | D:4      | Reached XP level 5. HP: 44/47 MP: 4/4
  2511 | D:5      | Entered Level 5 of the Dungeon
  2529 | D:4      | Reached *** piety under Trog
  2567 | D:5      | Noticed darknessisbestgirl's ghost (novice MiFi)
  2570 | D:5      | Noticed a black bear
  2581 | D:5      | Killed a black bear
  2582 | D:5      | Reached skill level 4 in Armour
  2582 | D:5      | Reached XP level 6. HP: 33/53 MP: 5/5
  2960 | D:4      | Reached skill level 5 in Fighting
  3067 | D:4      | Found the amulet of Elemental Vulnerability {rPois rF--
                  | rC-- AC+8}
  3205 | D:4      | Noticed a water moccasin
  3224 | D:4      | Killed a water moccasin
  3225 | D:4      | Reached skill level 5 in Armour
  3225 | D:4      | Reached XP level 7. HP: 47/61 MP: 6/6
  3614 | D:5      | Found a staircase to the Ecumenical Temple.
  3619 | D:5      | Identified the +10 dagger of the Genius {vorpal, rN+ Dex+5
                  | SInv}
  3675 | Temple   | Entered the Ecumenical Temple
  4061 | D:5      | Reached skill level 6 in Armour
  4064 | D:5      | Reached skill level 1 in Polearms
  4181 | D:5      | Reached **** piety under Trog
  4250 | D:6      | Noticed a shadow
  4258 | D:6      | Killed a shadow
  4259 | D:6      | Reached skill level 1 in Short Blades
  4259 | D:6      | Reached XP level 8. HP: 59/70 MP: 7/7
  4339 | D:5      | Found a runed translucent door.
  4361 | D:5      | Killed darknessisbestgirl's ghost
  4542 | D:5      | Found an opulent altar of Gozag.
  4742 | D:5      | Found a broken altar of Ashenzari.
  4954 | D:6      | Reached skill level 7 in Armour
  5125 | D:6      | Reached skill level 5 in Short Blades
  5125 | D:6      | Reached XP level 9. HP: 75/78 MP: 8/8
  5180 | D:7      | Found Biem Dao's Antique Weapon Shoppe.
  5292 | D:6      | Found a burning altar of Makhleb.
  5383 | D:6      | Reached skill level 8 in Armour
  5601 | D:6      | Reached skill level 5 in Shields
  5632 | D:6      | Identified the +1 ring mail "Etiarchasut" {+Blink rN+ Int+4
                  | Dex-4}
  5755 | D:6      | Found a shimmering blue altar of Sif Muna.
  5858 | D:6      | Found a stormy altar of Qazlal.
  5947 | D:6      | Reached skill level 1 in Long Blades
  6135 | D:7      | Found a blossoming altar of Fedhas.
  6207 | D:7      | Reached ***** piety under Trog
  6242 | D:7      | Reached XP level 10. HP: 48/88 MP: 9/9
  6716 | D:8      | Reached skill level 1 in Throwing
  6980 | D:7      | Found a glowing silver altar of Zin.
  7161 | D:7      | Found an ornate altar of the Wu Jian Council.
  7610 | D:8      | Noticed Joseph
  7630 | D:8      | Reached skill level 9 in Armour
  7644 | D:8      | Killed Joseph
  7901 | D:9      | Received a gift from Trog
  7902 | D:9      | Reached skill level 1 in Stealth
  7982 | D:8      | Found a faded altar of an unknown god.
  7982 | D:8      | Found a radiant altar of Vehumet.
  7987 | D:8      | Found a faded altar of an unknown god.
  7989 | D:8      | Found an iron altar of Okawaru.
  7991 | D:8      | Found a shadowy altar of Dithmenos.
  8360 | D:8      | Found a hazy altar of Hepliaklqana.
  8491 | D:9      | Noticed Erica
  8509 | D:9      | Killed Erica
  8513 | D:9      | HP: 5/135 [killer bee (4)]
  8515 | D:9      | HP: 2/135 [killer bee (1)]
  8516 | D:9      | Slain by a killer bee

Illustrated notes

Levels and vault maps discovered:
D:1:      lemuel_arrival_broad_hall, layout_rooms,
          shapermc_ecumenical_altar_starsandcircs
D:2:      layout_rooms, basic_altar, serial_shops, shop,
          nicolae_shop_statue_plus, shop_fountains
D:3:      layout_basic, nicolae_yredelemnul_corpse_copse, minmay_circle_x
D:4:      layout_gridville, minmay_manual_mess
D:5:      lemuel_ratsnest, layout_basic, ashenzari_altar_1,
          amcnicky_altar_gilded, minmay_temple_entry_slanted,
          hellmonk_ghost_happy_afterlife, minmay_manual_mares
D:6:      layout_basic, makhleb_heckhound_becter, marbit_many_paths,
          led_sif_book, minmay_checkerbox
D:7:      layout_loops_ring, overflow_temple_1_default,
          mainiacjoe_overflow_alcove_4, nicolae_wu_jian_immortal_techniques,
          serial_shops, shop, roderic_lattice_a, dreamdust_gnoll_farm
D:8:      layout_rooms, worldfamousw_hep_ancestral_shrine,
          chequers_temple_overflow_minitemple, uniq_joseph
D:9:      layout_basic, nemelex_altar_shiori, uniq_erica, uniq_maggie
Temple:   nicolae_temple_bog_church

Skill      XL: |  1  2  3  4  5  6  7  8  9 10 |
---------------+-------------------------------+-----
Fighting       | 4 5 6 7 8 |  8.8
Axes           | 4 5 6 7 8 |  8.2
Armour         | 3 4 5 6 7 8 9 |  9.8
Shields        | 1 2 3 4 5 6 |  6.5
Dodging        | 3 4 |  4.9
Polearms       | 1 2 3 |  3.1
Short Blades   | 1 5 7 8 |  8.9
Long Blades    | 2 4 |  4.8
Throwing       | 1 |  1.4
Stealth        | 1 |  1.1

Action                   |  1- 3 |  4- 6 |  7- 9 | 10-12 || total
-------------------------+-------+-------+-------+-------++-------
Melee: Hand axe          |    86 |   146 |    26 |       ||   258
       Headbutt          |     9 |    22 |    62 |    30 ||   123
       Punch             |       |     1 |     5 |     1 ||     7
       Dagger            |       |       |   224 |   123 ||   347
       Halberd           |       |       |     7 |       ||     7
       Long sword        |       |       |    21 |    11 ||    32
       Spear             |       |       |    18 |       ||    18
       Battleaxe         |       |       |       |    30 ||    30
Throw: Dart              |       |       |     1 |       ||     1
Invok: Berserk           |       |     1 |     1 |     2 ||     4
       Trog's Hand       |       |       |       |     1 ||     1
Armor: Animal skin       |     6 |       |       |       ||     6
       Plate armour      |    23 |    85 |    39 |       ||   147
       Ring mail         |     3 |       |       |       ||     3
       Scale mail        |       |       |    43 |    48 ||    91
Dodge: Dodged            |    58 |    70 |    81 |    78 ||   287
Block: Other             |    20 |    35 |    49 |    44 ||   148
       Reflection        |     1 |       |       |     2 ||     3
